 Dungeon Crawl Stone Soup version 0.32-a0-646-g91cf321817 (webtiles) character file.

Game seed: 7665006968285179738

1887 Maeglom the Grappler (level 8, -25/75 HPs)
             Began as a Troll Fighter on Mar 8, 2024.
             Annihilated by a very large slime creature (66 damage)
             ... on level 6 of the Dungeon.
             The game lasted 00:34:49 (3812 turns).

Maeglom the Grappler (Troll Fighter)                Turns: 3812, Time: 00:34:49

Health: -25/75     AC: -9    Str: 27    XL:     8   Next: 92%
Magic:  7/7        EV: 12    Int:  4    God:
Gold:   305        SH:  0    Dex: 15    Spells: 7/7 levels left

rFire   + .          .
                       - Unarmed
rCold   . . .        r - orb {light}
rNeg    . . .        U - +2 robe {rF+}
rPois   .            (helmet restricted)
rElec   .            P - +0 cloak
rCorr   .            (gloves unavailable)
SInv    .            (boots unavailable)
Will    .....        L - amulet of faith
Stlth   +            l - ring of wizardry
HPRegen 1.12/turn    O - +6 ring of dexterity
MPRegen 0.10/turn

%: faith, wizardry (x1)
@: corroded, glowing
A: large, unfitting armour, claws 3, regeneration 1, shaggy fur 1, tough skin 1,
inability to drink after injury 1
a: no special abilities


You were on level 6 of the Dungeon.
You visited 1 branch of the dungeon, and saw 6 of its levels.

You collected 305 gold pieces.

Inventory:

Hand Weapons
 g - a +0 dagger
 h - a +0 hand axe
 i - a +0 short sword
 k - a +0 dagger
 o - a +0 club
 u - a +0 club
 v - a +0 dagger
 x - a +0 falchion
 y - a +2 short sword of flaming
 B - a +0 short sword
 F - a +0 dagger
 J - a +0 spear
 K - a +1 dagger of chaos
 S - a +1 great sword
Missiles
 j - 65 stones
 z - a boomerang (quivered)
 A - 2 atropa-tipped darts
 H - 18 poisoned darts
 T - a throwing net
Armour
 a - a +0 robe
 b - a +1 kite shield
 d - a +0 pair of gloves
 f - a +0 scale mail
 n - a +0 leather armour
 p - a +2 robe
 q - a +0 robe
 r - an orb of light (worn)
 s - a +0 robe
 C - a +0 robe
 D - a +0 scale mail
 E - a +0 chain mail
 G - a +0 robe
 M - a +0 leather armour
 P - a +0 cloak (worn)
 U - a +2 robe of fire resistance (worn)
Magical Staves
 Q - a staff of alchemy
Jewellery
 l - a ring of wizardry (left claw)
 L - an amulet of faith (around neck)
 O - a +6 ring of dexterity (right claw)
Wands
 I - a wand of iceblast (11)
 R - a wand of digging (6)
Scrolls
 e - 5 scrolls of identify
 w - a scroll of teleportation
 V - a scroll of enchant weapon
Potions
 c - a potion of might
 m - 3 potions of curing
 t - a potion of brilliance {unknown}
 N - a potion of cancellation


   Skills:
 + Level 3.3 Fighting
 + Level 5.0 Dodging
 + Level 1.2 Stealth
 + Level 5.0 Shields
 + Level 8.7 Unarmed Combat


You had 7 spell levels left.
You didn't know any spells.
Your spell library contained the following spells:

 Spells                   Type           Power      Damage    Failure   Level
 Lesser Beckoning         Tloc           0%         N/A       32%         2
 Dazzling Flash           Conj/Hex       0%         N/A       52%         3
 Gell's Gravitas          Tloc           0%         N/A       52%         3
 Mephitic Cloud           Conj/Alch/Air  0%         N/A       52%         3
 Teleport Other           Tloc           0%         N/A       52%         3
 Curse of Agony           Necr           0%         N/A       99%         5
 Silence                  Hex/Air        0%         N/A       99%         5


Dungeon Overview and Level Annotations

Branches:
Dungeon (6/15)             Temple (0/1) D:6

Altars:
Elyvilon
Uskayaw
Xom
Zin

Portals:
Ossuary: D:6


Innate Abilities, Weirdness & Mutations

You are too large for most types of armour.
You have claws for hands.
Your natural rate of healing is unusually fast.
You are covered in fur. (AC +1)
You have tough skin. (AC +1)
You occasionally lose the ability to drink potions when taking damage.


Message History

An endoplasm comes into view.
You mangle the endoplasm!!
You kill the endoplasm!
A jelly comes into view.
The jelly quivers.
The jelly hits you. The acid corrodes you!
You are splashed with acid.
You claw the jelly!
Your claws burn!
The jelly is heavily wounded.
The jelly barely misses you.
You claw the jelly!
Your claws burn!
The jelly is almost dead.
The jelly hits you.
You are splashed with acid!
You scratch the jelly but do no damage. The acid corrodes you!
Your claws burn!
The jelly is almost dead.
The jelly misses you.
You scratch the jelly.
You kill the jelly!
Your Dodging skill increases to level 5!
You start resting.
A jelly is nearby!
A jelly, 2 endoplasms and 3 slime creatures come into view.
Found a rat skeleton, a goblin skeleton and a human skeleton.
The slime creature quivers.
The endoplasm quivers.
The slime creature quivers. x2
The jelly misses you.
There is an open door here.
Two slime creatures merge to form a large slime creature.
You scratch the slime creature but do no damage.
The slime creature hits you.
You scratch the slime creature but do no damage.
The slime creature closely misses you.
Two slime creatures merge to form a very large slime creature.
You scratch the very large slime creature but do no damage.
You scratch the very large slime creature but do no damage.
You scratch the very large slime creature but do no damage.
The very large slime creature hits you!!
You claw the very large slime creature!
The very large slime creature is lightly wounded.
The very large slime creature hits you!!!
Ouch! That really hurt!
You die...

.##.....# .......# ##.....?#
......$## ### #.....#.
#÷.....##)####### #....#.
#......#.#.#....###..###.
#.....÷#.#.#.....##......
#...J.J#@#'#......)).....
#.J....#J#........'..#...
#.J.PJ.#J#........'......
#......#.#.......##......
#÷.÷..J'##......###...... #....
#J...÷÷########## #..##..
.......######## ###.......
...>...#############.............
...............................).


You could see a very large slime creature and an endoplasm.

Vanquished Creatures
  Eustachio (D:6)
  A water moccasin (D:5)
  A black bear (D:5)
  A sky beast (D:6)
  An ogre (D:5)
  An orc warrior (D:6)
  A centaur (D:6)
  A phantom (D:4)
  A kobold brigand (D:6)
  A scorpion (D:6)
  4 wights (D:6)
  4 crimson imps (D:3)
  3 bombardier beetles
  3 hounds
  A gnoll bouda (D:6)
  5 jellies
  Jessica (D:2)
  Ijyb (D:3)
  2 orc wizards (D:3)
  3 gnolls (D:6)
  4 adders
  A shadow imp (D:6)
  2 ribbon worms
  2 dart slugs
  20 orcs
  10 endoplasms
  4 hobgoblins
  6 jackals
  11 kobolds
  5 quokkas
  9 ball pythons
  2 bats
  3 frilled lizards (D:2)
  5 goblins
  5 rats
126 creatures vanquished.

Notes
Turn   | Place    | Note
-------+----------+-------------------------------------------
     0 | D:1      | Maeglom the Troll Fighter began the quest for the Orb.
     0 | D:1      | Reached XP level 1. HP: 22/22 MP: 0/0
   100 | D:1      | Reached XP level 2. HP: 29/29 MP: 1/1
  1066 | D:2      | Reached XP level 3. HP: 33/36 MP: 2/2
  1241 | D:2      | Noticed Jessica
  1248 | D:2      | Killed Jessica
  1341 | D:2      | Reached XP level 4. HP: 32/44 MP: 3/3
  1696 | D:3      | Reached skill level 3 in Unarmed Combat
  1790 | D:3      | Noticed Ijyb
  1807 | D:3      | Killed Ijyb
  1808 | D:3      | Reached XP level 5. HP: 34/53 MP: 4/4
  1835 | D:3      | Found a shimmering altar of Xom.
  1858 | D:3      | Reached skill level 4 in Unarmed Combat
  1909 | D:3      | Reached XP level 6. HP: 61/61 MP: 5/5
  2287 | D:4      | Noticed a +0 dagger
  2288 | D:4      | Noticed a +0 dagger
  2292 | D:4      | Found a hide-covered altar of Uskayaw.
  2450 | D:4      | Gained mutation: You occasionally lose the ability to drink
                  | potions when taking damage. [potion of mutation]
  2482 | D:4      | Reached skill level 5 in Unarmed Combat
  2590 | D:4      | Found a white marble altar of Elyvilon.
  2768 | D:5      | Entered Level 5 of the Dungeon
  2795 | D:5      | Reached skill level 1 in Stealth
  2795 | D:5      | Reached XP level 7. HP: 63/67 MP: 6/6
  2925 | D:5      | Reached skill level 6 in Unarmed Combat
  2975 | D:5      | Found a glowing silver altar of Zin.
  3462 | D:6      | Found a sand-covered staircase.
  3487 | D:6      | Reached XP level 8. HP: 51/75 MP: 7/7
  3495 | D:6      | Reached skill level 7 in Unarmed Combat
  3584 | D:6      | Found a staircase to the Ecumenical Temple.
  3619 | D:6      | Reached skill level 8 in Unarmed Combat
  3635 | D:6      | Noticed Eustachio
  3661 | D:6      | Killed Eustachio
  3662 | D:6      | Reached skill level 5 in Shields
  3792 | D:6      | Reached skill level 5 in Dodging
  3800 | D:6      | Noticed a slime creature
  3800 | D:6      | Noticed a slime creature
  3800 | D:6      | Noticed a slime creature
  3812 | D:6      | Annihilated by a very large slime creature

Illustrated notes

Levels and vault maps discovered:
D:1:      scummos_arrival_simple_fountains, layout_basic, moated_statue
D:2:      layout_loops_ring, grunt_ministairs_15, uniq_jessica
D:3:      layout_loops_cross, led_xom_imps, chequers_serial_rivers_large_b,
          uniq_ijyb
D:4:      layout_cave_pools, dancing_weapons_uskayaw, elyvilon_altar_1
D:5:      layout_rooms, mainiacjoe_overflow_tiny_flanked,
          serial_library_hellmonk_junction, lemuel_flame_loot_1
D:6:      cheibrodos_fertilizer, layout_rooms, minmay_temple_entry_large_hall,
          nicolae_ossuary_entry_monument, minmay_starry_boxes, uniq_eustachio,
          uniq_crazy_yiuf_cottage

Skill      XL: |  1  2  3  4  5  6  7  8 |
---------------+-------------------------+-----
Shields        | 3 4 5 |  5.0
Unarmed Combat | 3 4 5 6 8 |  8.7
Fighting       | 3 |  3.3
Dodging        | 3 4 5 |  5.0
Stealth        | 1 |  1.2

Action                     |  1- 3 |  4- 6 |  7- 9 || total
---------------------------+-------+-------+-------++-------
  Melee: Unarmed           |    80 |   156 |   131 ||   367
  Throw: Boomerang         |       |     1 |       ||     1
    Use: Potion            |     2 |     3 |     2 ||     7
         Scroll            |     4 |     4 |     3 ||    11
   Stab: Distracted        |       |       |     1 ||     1
 Armour: Robe              |    30 |    94 |    82 ||   206
  Dodge: Dodged            |    17 |    39 |    82 ||   138
  Block: Kite shield       |    27 |    50 |    10 ||    87

Table legend: (Time is in decaauts)
 A = Elapsed time spent in this place.
 B = Non-inter-level travel time spent in this place.
 C = Inter-level travel time spent in this place.
 D = Time resting spent in this place.
 E = Time spent auto-exploring this place.
 F = Levels seen in this place.
 G = Mean time per level.
                   A        B        C        D        E       F      G
               +--------+--------+--------+--------+--------+-----+--------+
         Total |   3791 |   3791 |      0 |    225 |   1602 |   6 |  631.8 |
       Dungeon |   3791 |   3791 |      0 |    225 |   1602 |   6 |  631.8 |
               +--------+--------+--------+--------+--------+-----+--------+

Top non-repeatable levels by time:
     D:1: 921 daAuts
     D:5: 692 daAuts
     D:3: 635 daAuts
     D:2: 629 daAuts
     D:4: 577 daAuts
     D:6: 336 daAuts
